 Dungeon Crawl Stone Soup version 0.31-a0-210-gccc998df9b (webtiles) character file.

Game seed: 10294630643272605059

56 qw the Shooter (level 3, -3/29 HPs)
             Began as a Minotaur Hexslinger on June 30, 2023.
             Slain by a +4 spectral club (8 damage)
             ... created by Ijyb
             ... on level 3 of the Dungeon.
             The game lasted 00:00:30 (1570 turns).

qw the Shooter (Minotaur Hexslinger)                Turns: 1570, Time: 00:00:30

Health: -3/29      AC:  5    Str: 12    XL:     3   Next: 69%
Magic:  3/3        EV: 11    Int: 10    God:
Gold:   107        SH:  0    Dex: 14    Spells: 3/4 levels left

rFire   . . .        Y - +2 sling
rCold   . . .        (no shield)
rNeg    + . .        f - +0 ring mail
rPois   .            (helmet restricted)
rElec   .            (no cloak)
rCorr   .            (no gloves)
SInv    .            (no boots)
Will    .....        (no amulet)
Stlth   +            e - ring of positive energy
HPRegen 0.24/turn    (no ring)
MPRegen 0.08/turn

%: no passive effects
@: no status effects
A: horns 2, retaliatory headbutt
a: no special abilities


You were on level 3 of the Dungeon.
You visited 1 branch of the dungeon, and saw 3 of its levels.

You collected 107 gold pieces.


Innate Abilities, Weirdness & Mutations

You have a pair of horns on your head.
You reflexively headbutt those who attack you in melee.


   Skills:
 - Level 2.1 Fighting
 + Level 4.0 Ranged Weapons
 - Level 1.0 Armour
 - Level 2.1 Dodging
 - Level 1.0 Spellcasting
 - Level 2.0 Hexes


You had 3 spell levels left.
You knew the following spells:

 Your Spells              Type           Power      Damage    Failure   Level
a - Slow                  Hex            16%        N/A       34%         1

Your spell library contained the following spells:

 Spells                   Type           Power      Damage    Failure   Level
 Inner Flame              Hex/Fire       2%         N/A       83%         3
 Portal Projectile        Hex/Tloc       4%         N/A       83%         3
 Cause Fear               Hex            2%         N/A       98%         4

Inventory:

Hand Weapons
 Y - a +2 sling (weapon)
Armour
 f - a +0 ring mail (worn)
Jewellery
 e - a ring of positive energy (left hand)
Scrolls
 b - a scroll of identify
 c - a scroll of immolation {unknown}
Potions
 a - 2 potions of enlightenment {unknown}
 d - 2 potions of might {unknown}
 h - a potion of curing {unknown}

Dungeon Overview and Level Annotations

Branches:
Dungeon (3/15)

Altars:
Ru

Shops:
D:1 (

Annotations:
D:3 Ijyb


Message History

You kill the bat!
a - 2 amethyst potions
c - a scroll labelled ULITZE OGIM
Found a faded altar of an unknown god.
Found a stone staircase leading down.
d - 2 sedimented puce potions
Found a book of Vapours.
Ijyb the Twisted Goblin comes into view.
She is wielding a +4 spectral club and carrying a wand of paralysis (13).
Ijyb shouts!
You shoot a sling bullet.
The sling bullet hits Ijyb but does no damage.
Enter note:
Enter note: You shoot a sling bullet.
The sling bullet hits Ijyb but does no damage.
You shoot a sling bullet.
The sling bullet hits Ijyb but does no damage.
You shoot a sling bullet. The sling bullet closely misses Ijyb.
You shoot a sling bullet.
The sling bullet hits Ijyb but does no damage.
Ijyb zaps a wand.
You resist with significant effort.
A quokka comes into view.
You shoot a sling bullet. The sling bullet closely misses Ijyb.
Ijyb barely misses you. The +4 spectral club hits you.
Ijyb hits you with a +4 spectral club. The +4 spectral club hits you.
A +4 spectral club comes into view.
You shoot a sling bullet. The sling bullet hits Ijyb.
Ijyb is lightly wounded.
Ijyb misses you. The +4 spectral club hits you.
You shoot a sling bullet. The sling bullet hits Ijyb.
Ijyb is lightly wounded.
The +4 spectral club closely misses you.
The quokka bites you but does no damage.
The +4 spectral club hits you. Ijyb hits you with a +4 spectral club.
The +4 spectral club hits you. The quokka closely misses you.
You shoot a sling bullet. The sling bullet closely misses Ijyb.
The +4 spectral club hits you.
The +4 spectral club closely misses you.
The +4 spectral club hits you!
You die...

#.....###.......#.# #.#.#
#.....>.#.#.###.#+###.#.######..
#.......#.#.# #....#............
#.........#.# #?...#..#.........
#......#..#.###....#..#.(.......
#._.......#.##.....#. #.##.#....
#####.............$#. #<# ## ##.
#....#..#.....## #........
#....#.##.#@#..#..#.####...
#.........rg(........
#...##.##......#.....
#...##.####.##.# .#... #...##.#
.......#<... .....##.#
#.##.#######. #......... ... ..
#..... #.# ... # :.# ..#


You could see a +4 spectral club, Ijyb and a quokka.

Vanquished Creatures
  A gnoll (D:1)
  3 dart slugs (D:1)
  4 endoplasms
  2 giant cockroaches (D:2)
  5 goblins
  4 hobgoblins (D:1)
  2 jackals (D:1)
  2 kobolds (D:2)
  A quokka (D:1)
  4 ball pythons
  5 bats
  3 frilled lizards
36 creatures vanquished.

Notes
Turn   | Place    | Note
-------+----------+-------------------------------------------
     0 | D:1      | qw the Minotaur Hexslinger began the quest for the Orb.
     0 | D:1      | Reached XP level 1. HP: 16/16 MP: 1/1
     0 | D:1      | 0 ||| qw: Version: 0.3-a-26-gee661ec
     0 | D:1      | 0 ||| qw: Game counter: 7283
     0 | D:1      | 0 ||| qw: Melee chars always use a shield: true
     0 | D:1      | 0 ||| qw: God list: Okawaru
     0 | D:1      | 0 ||| qw: Allow faded altars: false
     0 | D:1      | 0 ||| qw: Do Orc after clearing Dungeon:15 true
     0 | D:1      | 0 ||| qw: Do second Lair branch before Depths: true
     0 | D:1      | 0 ||| qw: Lair rune preference: random
     0 | D:1      | 0 ||| qw: Goals: Normal
     0 | D:1      | 0 ||| PLANNING D:1-11
   133 | D:1      | Reached skill level 3 in Ranged Weapons
   133 | D:1      | Reached XP level 2. HP: 23/23 MP: 2/2
   240 | D:1      | Reached XP level 3. HP: 26/29 MP: 3/3
   323 | D:1      | Found Omyetteh's Weapon Shop.
   771 | D:1      | 771 ||| UPGRADING to +0 ring mail.
   781 | D:1      | 781 ||| DROPPING +0 robe.
   782 | D:1      | 782 ||| UPGRADING to ring of positive energy.
   783 | D:1      | 783 ||| READING scroll labelled HAMPYJ QINIU.
   784 | D:1      | 784 ||| READING scroll labelled RUNEPL MOOHUEJ.
   785 | D:1      | 785 ||| READING scroll labelled HAYSCH OLIUCE.
   786 | D:1      | 786 ||| READING scroll labelled URCHYS ESTRU.
   787 | D:1      | 787 ||| DROPPING scroll of poison.
   967 | D:2      | Reached skill level 4 in Ranged Weapons
   977 | D:2      | Found a sacrificial altar of Ru.
  1365 | D:2      | Reached skill level 1 in Armour
  1491 | D:2      | 1491 ||| READING scroll labelled TIKAPP KODAMNAJ.
  1546 | D:3      | Found a faded altar of an unknown god.
  1560 | D:3      | Noticed Ijyb
  1570 | D:3      | HP: 5/29 [+4 spectral club[Ijyb] (6)]
  1570 | D:3      | Slain by a +4 spectral club

Levels and vault maps discovered:
D:1:      lightli_arrival_statue_moat, layout_basic, serial_shops, shop
D:2:      layout_basic, basic_altar, st_stairs_5
D:3:      layout_basic, basic_ecumenical_altar, uniq_ijyb

Skill      XL: |  1  2  3 |
---------------+----------+-----
Ranged Weapons | 3 4 |  4.0
Fighting       | 2 |  2.1
Armour         | 1 |  1.0
Dodging        | |  2.1
Spellcasting   | |  1.0
Hexes          | |  2.0

Action                     || total
---------------------------++-------
   Fire: Sling             ||   107
    Use: Scroll            ||     5
 Armour: Robe              ||     1
         Ring mail         ||    16
  Dodge: Dodged            ||    34

Table legend:
 A = Non-vault XP
 B = Vault XP
 C = Vault XP percentage of total XP
 D = Non-vault monster count
 E = Vault monster count
 F = Vault count percentage of total count
                 A         B        C        D         E       F
            +---------+---------+-------+---------+---------+-------
      Total |      78 |       2 |   2.5 |      35 |       1 |   2.8
            +---------+---------+-------+---------+---------+-------
        D:1 |      61 |       0 |   0.0 |      24 |       0 |   0.0
        D:2 |      16 |       2 |  11.1 |      10 |       1 |   9.1
        D:3 |       1 |       0 |   0.0 |       1 |       0 |   0.0
            +---------+---------+-------+---------+---------+-------
